Map: Backwater LE

Players

Iceman

  • Race: Zerg Zerg
  • League: Diamond
  • Spawn Location: 11:00

Rageflocke - Winner!

  • Race: Terran Terran
  • League: Master
  • Spawn Location: 5:00

VOD

Have the link to the VOD?

Description

zvt - loss - late game vs. mech with hydra viper, didn't manage the late game engages right

Time

  • Played on: Feb. 8, 2018, 1:07 a.m.
  • Length: 18:31
Show
View Real Time Build Order
Export as new Build Order

Iceman Zerg 

Build Orders: Hatch First 

Get SALT Encoding   

  12  0:01  Drone  
  13  0:12  Overlord  
  13  0:17  Drone  
  14  0:30  Drone x2  
  14  0:35  Drone  
  17  0:54  Hatchery  
  17  0:56  Drone  
  17  0:59  Drone  
  18  1:10  Extractor  
  17  1:16  Spawning Pool  
  17  1:18  Drone  
  17  1:21  Drone  
  18  1:28  Drone  
  19  1:39  Overlord  
  19  1:49  Drone  
  20  2:04  Zergling x2  
  20  2:05  Queen  
  20  2:06  Zergling x2  
  20  2:07  Queen  
  26  2:13  Drone  
  27  2:17  Drone  
  28  2:23  Drone  
  28  2:26  Metabolic Boost  
  29  2:31  Drone  
  29  2:35  Extractor, Drone  
  31  2:46  Hatchery  
  31  2:50  Drone x2  
  32  2:55  Overlord  
  32  3:01  Queen  
  34  3:06  Drone x2  
  34  3:12  Overlord  
  36  3:13  Drone  
  36  3:16  Drone  
  36  3:19  Drone x2  
  40  3:23  Drone  
  40  3:24  Drone  
  40  3:25  Drone  
  43  3:30  Drone x2  
  43  3:33  Spore Crawler  
  44  3:38  Drone x2  
  48  3:41  Drone  
  48  3:43  Extractor  
  48  3:44  Overlord  
  47  3:51  Drone  
  47  3:52  Drone x2  
  47  3:53  Roach Warren  
  49  3:56  Zergling x2  
  49  3:59  Zergling x2  
  49  4:00  Zergling x2  
  49  4:01  Zergling x2  
  53  4:10  Zergling x2, Extractor, Overlord x2  
  53  4:14  Overlord  
  53  4:20  Drone x3  
  56  4:29  Zergling x10  
  56  4:30  Spore Crawler  
  60  4:35  Roach  
  60  4:36  Roach  
  63  4:46  Spore Crawler  
  63  4:47  Roach x4  
  63  4:50  Roach  
  72  4:53  Roach  
  72  4:57  Lair  
  74  5:01  Drone x2  
  74  5:04  Roach  
  74  5:06  Roach  
  80  5:08  Roach  
  80  5:11  Ravager  
  80  5:13  Roach  
  86  5:14  Roach  
  86  5:17  Roach  
  87  5:21  Roach  
  87  5:27  Overlord x2  
  89  5:32  Overlord  
  89  5:36  Drone  
  89  5:37  Overlord  
  89  5:38  Overlord  
  90  5:43  Overlord  
  90  5:45  Ravager  
  90  5:46  Ravager x2  
  90  5:48  Drone x4  
  95  5:50  Drone  
  95  5:56  Drone  
  97  6:01  Extractor  
  97  6:02  Drone x5  
  97  6:04  Hydralisk Den  
  100  6:09  Glial Reconstitution, Evolution Chamber  
  100  6:10  Drone  
  100  6:13  Drone x2  
  100  6:15  Drone  
  100  6:18  Drone x2  
  105  6:19  Drone  
  105  6:25  Drone  
  107  6:26  Drone  
  107  6:27  Extractor  
  107  6:28  Drone  
  107  6:29  Extractor  
  107  6:38  Zerg Missile Weapons Level 1  
  107  6:42  Roach x3  
  107  6:43  Roach  
  107  6:44  Hatchery  
  107  6:45  Drone x2  
  116  6:52  Hydralisk x2  
  120  6:54  Spore Crawler  
  120  6:55  Hydralisk  
  120  6:58  Hydralisk  
  123  7:03  Grooved Spines  
  123  7:07  Hydralisk  
  125  7:10  Hydralisk  
  125  7:13  Drone x3  
  130  7:20  Overlord x2  
  130  7:25  Overlord  
  130  7:27  Overlord  
  130  7:31  Overlord  
  130  7:42  Overlord  
  130  7:43  Overlord  
  130  7:44  Overlord  
  130  7:46  Pneumatized Carapace  
  130  7:49  Hydralisk x6  
  130  7:51  Drone  
  143  7:54  Hydralisk  
  143  7:55  Hydralisk  
  147  8:01  Hydralisk  
  147  8:02  Hydralisk, Infestation Pit  
  138  8:15  Muscular Augments  
  138  8:17  Drone x8  
  139  8:27  Drone  
  139  8:28  Drone x2  
  139  8:33  Drone x3  
  145  8:42  Drone x6  
  145  8:47  Drone x3  
  154  8:50  Drone  
  154  8:51  Evolution Chamber  
  154  8:56  Hive  
  147  9:08  Overlord  
  147  9:13  Drone x12  
  159  9:27  Drone x7  
  159  9:30  Extractor  
  165  9:31  Spine Crawler, Zerg Missile Weapons Level 2  
  165  9:32  Extractor, Overlord  
  156  9:47  Hydralisk x9  
  174  9:55  Hydralisk x2, Spine Crawler  
  174  9:59  Overlord  
  177  10:01  Hydralisk x3  
  183  10:07  Zerg Ground Armor Level 1  
  183  10:15  Overlord  
  183  10:18  Viper x3  
  192  10:21  Viper x2  
  192  10:26  Hatchery  
  192  10:27  Extractor  
  192  10:28  Extractor, Spire  
  195  10:33  Overlord  
  194  10:43  Ravager x4  
  194  10:44  Ravager  
  194  10:47  Overlord  
  194  10:49  Overlord  
  199  10:50  Overlord  
  199  10:58  Overlord  
  199  11:19  Extractor  
  199  11:21  Hatchery  
  199  11:23  Hydralisk, Extractor  
  123  12:28  Hydralisk x23  
  123  12:29  Hydralisk  
  159  12:36  Greater Spire, Corruptor  
  151  12:37  Hydralisk  
  151  12:40  Hydralisk x3  
  161  12:48  Hydralisk x2  
  161  12:50  Zerg Missile Weapons Level 3  
  161  12:51  Hydralisk x3  
  165  12:56  Hydralisk  
  165  12:58  Hydralisk  
  173  13:01  Hydralisk x3  
  173  13:05  Hydralisk x3  
  171  13:13  Hydralisk x4  
  171  13:19  Hydralisk  
  151  13:21  Hydralisk  
  151  13:23  Hydralisk x3  
  156  13:32  Hydralisk x2  
  156  13:33  Drone  
  154  13:39  Hydralisk x5  
  161  13:45  Hydralisk x2  
  161  13:46  Hydralisk x3  
  171  13:53  Viper  
  171  13:55  Viper  
  177  13:57  Zergling x6  
  178  14:15  Roach x6  
  185  14:28  Hydralisk x11  
  115  14:41  Corruptor x2  
  115  14:42  Corruptor  
  115  14:44  Drone x2  
  122  14:46  Drone  
  122  14:52  Drone x4  
  127  14:57  Drone  
  128  15:02  Corruptor x4  
  136  15:08  Drone  
  137  15:17  Brood Lord  
  137  15:18  Corruptor  
  141  15:22  Brood Lord  
  141  15:26  Drone x9  
  152  15:33  Spine Crawler x2  
  150  15:43  Brood Lord x3  
  150  15:45  Hydralisk  
  158  15:54  Corruptor x2  
  158  15:56  Overlord  
  158  16:20  Drone x6  
  158  16:23  Overlord  
  164  16:26  Corruptor x3  
  164  16:27  Corruptor  
  164  16:32  Hatchery  
  146  16:45  Corruptor x4  
  146  16:46  Corruptor  
  103  16:54  Hydralisk x3  
  103  16:55  Hydralisk  
  111  17:07  Drone  
  108  17:12  Corruptor x5  
  118  17:26  Brood Lord  
  118  17:27  Brood Lord x3  
  126  17:36  Drone x8  
  126  17:37  Drone  
  135  17:38  Drone  
  135  17:42  Overlord  
  135  17:44  Hydralisk x2  
  140  17:58  Hydralisk x2  
  140  17:59  Hydralisk  
  140  18:01  Hydralisk  
  148  18:06  Hydralisk x2  
  152  18:15  Spine Crawler  
  152  18:16  Spore Crawler  
Show
View Real Time Build Order
Export as new Build Order

Rageflocke Terran - Winner!

Build Orders: Hellion Opening, Reaper Expand, Mech 

Get SALT Encoding   

  12  0:00  SCV  
  13  0:13  SCV  
  14  0:16  Supply Depot  
  14  0:25  SCV  
  15  0:29  Refinery  
  15  0:38  SCV  
  16  0:45  Barracks  
  16  0:53  SCV  
  17  1:05  SCV  
  18  1:17  SCV  
  19  1:32  Reaper, Orbital Command  
  20  1:52  Command Center  
  20  1:58  SCV  
  21  2:05  Factory  
  21  2:07  Barracks Reactor  
  21  2:20  SCV  
  21  2:22  Refinery  
  22  2:24  Supply Depot  
  21  2:39  SCV  
  22  2:50  Factory  
  22  2:53  SCV  
  22  2:55  Hellion x2  
  27  3:04  Orbital Command  
  27  3:05  SCV  
  28  3:17  SCV  
  29  3:21  Armory  
  29  3:22  Hellion  
  31  3:29  Hellion  
  33  3:37  SCV  
  33  3:40  Factory Reactor  
  34  3:42  SCV  
  34  3:47  Hellion  
  37  3:49  SCV  
  37  3:55  SCV  
  39  3:56  Hellion  
  39  3:57  Supply Depot  
  39  4:02  Refinery  
  41  4:10  SCV  
  41  4:11  SCV  
  41  4:16  Hellion  
  45  4:19  Supply Depot  
  45  4:22  SCV  
  45  4:24  Hellion x2  
  50  4:27  SCV  
  51  4:37  SCV  
  52  4:43  SCV  
  53  4:46  Command Center  
  53  4:52  Cyclone  
  56  4:53  SCV  
  56  4:59  SCV  
  58  5:00  Cyclone  
  61  5:09  Supply Depot  
  61  5:11  SCV  
  62  5:24  Terran Vehicle Weapons Level 1  
  62  5:30  Cyclone x2  
  62  5:31  Supply Depot  
  62  5:32  SCV  
  62  5:34  SCV  
  70  5:41  Barracks Tech Lab  
  70  5:44  Factory  
  70  5:52  SCV x2, Cyclone x2  
  70  5:54  Supply Depot  
  78  6:02  Supply Depot  
  79  6:04  SCV  
  79  6:09  SCV  
  79  6:11  Orbital Command  
  80  6:17  SCV  
  81  6:22  SCV  
  81  6:23  Hellion x2  
  86  6:29  Factory  
  86  6:35  SCV  
  86  6:37  Siege Tank  
  90  6:44  SCV  
  90  6:45  SCV  
  92  6:48  Armory  
  92  7:07  Hellion x3  
  98  7:10  Siege Tank  
  98  7:12  Refinery  
  98  7:14  SCV  
  98  7:15  SCV x2  
  104  7:16  Starport  
  104  7:17  Starport  
  104  7:18  Refinery  
  104  7:19  Factory Tech Lab, Refinery  
  104  7:20  Terran Vehicle Weapons Level 2  
  104  7:29  SCV x2  
  106  7:31  Hellion  
  106  7:33  SCV  
  106  7:36  Terran Vehicle And Ship Armor Level 1  
  109  7:57  Starport Reactor x2  
  109  7:58  Command Center  
  109  8:06  SCV x3  
  109  8:08  Hellion x2  
  108  8:14  Siege Tank  
  109  8:23  SCV  
  109  8:24  Siege Tank  
  109  8:30  Supply Depot  
  109  8:32  Hellion x2  
  113  8:34  Supply Depot, Viking x2  
  113  8:40  Supply Depot  
  117  8:50  Supply Depot x2  
  117  8:51  Cyclone, Viking, Siege Tank  
  125  8:55  Viking  
  125  8:56  Cyclone  
  130  9:04  Thor  
  130  9:08  Supply Depot x2  
  136  9:11  Supply Depot  
  136  9:12  Supply Depot  
  136  9:20  Viking x2  
  140  9:25  Siege Tank  
  136  9:51  Siege Tank, Viking x4  
  147  10:09  Refinery  
  147  10:11  Terran Vehicle And Ship Armor Level 2, Terran Vehicle Weapons Level 3  
  147  10:13  Engineering Bay, Hellion x3  
  153  10:15  Refinery  
  153  10:26  SCV x3  
  157  10:38  Planetary Fortress  
  157  10:41  Siege Tank x2  
  162  10:54  Supply Depot x2  
  162  11:06  Factory  
  162  11:07  Factory  
  162  11:08  Sensor Tower  
  162  11:09  Liberator x3  
  162  11:22  Factory  
  162  11:23  Factory  
  171  11:44  Command Center  
  171  11:46  Missile Turret  
  171  11:48  Missile Turret  
  171  11:50  Factory Tech Lab x2  
  171  11:53  Thor x2  
  152  12:29  Thor x2  
  160  12:30  Viking x4, Hellion x4  
  160  12:36  Hellion  
  166  12:39  Thor  
  170  12:51  Refinery  
  170  12:55  Refinery  
  170  12:57  Siege Tank  
  173  13:05  Viking  
  175  13:11  Thor  
  175  13:14  Siege Tank  
  175  13:15  Hellion x2  
  140  13:31  Siege Tank x2  
  136  13:46  Siege Tank  
  139  13:50  Hellion x2  
  139  13:54  Siege Tank  
  146  13:59  Viking x2  
  150  14:02  Factory Tech Lab  
  150  14:03  Factory Reactor, Siege Tank  
  153  14:16  Siege Tank  
  150  14:18  Siege Tank  
  132  14:33  Siege Tank x2  
  132  14:34  Hellion  
  132  14:35  Siege Tank  
  141  14:41  SCV x4  
  144  14:53  Viking x2  
  149  15:00  SCV x3  
  151  15:13  Siege Tank x2  
  157  15:31  Planetary Fortress  
  157  15:35  SCV x4  
  161  15:36  Missile Turret  
  161  15:38  Missile Turret x2  
  161  15:47  SCV  
  162  15:51  Thor  
  162  15:52  Viking  
  136  16:04  Viking x3  
  171  16:38  Viking  
  171  16:39  Viking x3  
  157  16:40  Thor  
  157  16:42  Hellion x5  
  160  16:53  Hellion x3  
  160  16:54  Hellion  
  168  16:59  Refinery  
  168  17:04  Infernal Pre-Igniter  
  168  17:08  Viking  
  168  17:09  Viking x2  
  174  17:17  Viking  
  176  17:27  Hellion x2  
  176  17:28  Siege Tank x2, Hellion x2  
  176  17:29  Hellion x5  
  200  18:10  Command Center  
Tags
 
Add a new tag
Caveats
  • Supply blocks, unpowered buildings, or Contaminate may cause inaccurate times.
  • Supply counts are checked every 10 seconds.